 Dungeon Crawl Stone Soup version 0.28-a0-1117-g0bdd5ba030 (webtiles) character file.

Game seed: 17758109977607243211

273 yoda5477 the Skirmisher (level 6, 0/48 HPs)
             Began as a Demonspawn Transmuter on Dec 11, 2021.
             Slain by Pikel (1 damage)
             ... on level 4 of the Dungeon.
             The game lasted 00:17:02 (3125 turns).

yoda5477 the Skirmisher (Demonspawn Transmuter)     Turns: 3125, Time: 00:17:02

Health: 0/48       AC:  8    Str: 13    XL:     6   Next: 2%
Magic:  7/9        EV: 12    Int: 14    God:
Gold:   81         SH:  0    Dex: 13    Spells: 6/9 levels left

rFire   . . .      SeeInvis .   o - +1 flail
rCold   . . .      Faith    .   (no shield)
rNeg    . . .      Spirit   .   a - +0 robe
rPois   .          Reflect  .   (helmet currently unavailable)
rElec   .          Harm     .   (no cloak)
rCorr   .          Rampage  .   (no gloves)
Will    .....                   (boots currently unavailable)
Stlth   ++........              (no amulet)
HPRegen 0.16/turn               (no ring)
MPRegen 0.11/turn               (no ring)

@: appendages (expiring), wereblooded, sanguine armoured
A: horns 2, talons 2, spiny 1, sanguine armour 1, weakness stinger 2
a: End Transformation


You were on level 4 of the Dungeon.
You had temporarily grown beastly horns and talons.
You visited 1 branch of the dungeon, and saw 4 of its levels.

You collected 81 gold pieces.

Inventory:

Hand Weapons
 j - a +0 spear
 k - a +0 dagger
 o - a +1 flail (weapon)
 v - a +0 hunting sling
Missiles
 e - 12 arrows
 g - 83 stones (quivered)
 s - 3 silver javelins
 t - 20 bolts
Armour
 a - a +0 robe (worn)
 l - a +0 scale mail
 m - a +0 ring mail
Wands
 p - a wand of paralysis (8)
 u - a wand of iceblast (9)
Scrolls
 c - a scroll of enchant armour {unknown}
 h - a scroll of fear
Potions
 b - a potion of curing {unknown}
 f - a potion of heal wounds {unknown}
 i - 2 potions of attraction
 q - a potion of haste {unknown}
 r - a potion of might {unknown}


   Skills:
 * Level 3.6 Fighting
 * Level 1.5 Armour
 + Level 2.9 Dodging
 - Level 2.0 Stealth
 - Level 2.6 Unarmed Combat
 - Level 2.0 Spellcasting
 + Level 2.9 Transmutations


You had 6 spell levels left.
You knew the following spells:

 Your Spells              Type           Power      Damage    Failure   Level
a - Beastly Appendage     Tmut           18%        N/A       7%          1
b - Wereblood             Tmut           9%         N/A       11%         2

Your spell library contained the following spells:

 Spells                   Type           Power      Damage    Failure   Level
 Spider Form              Tmut/Pois      5%         N/A       36%         3
 Ice Form                 Ice/Tmut       5%         N/A       78%         4
 Summon Forest            Summ/Tloc      0%         N/A       100%        5
 Summon Mana Viper        Hex/Summ       1%         N/A       100%        5
 Summon Cactus Giant      Summ           0%         N/A       100%        6


Dungeon Overview and Level Annotations

Branches:
Dungeon (4/15)
 Temple: D:4-7

Altars:
Cheibriados
Dithmenos
Nemelex Xobeh

Annotations:
D:2 exclusion: 2 adders
D:3 exclusion: 3 gnolls
D:4 Pikel


Innate Abilities, Weirdness & Mutations

You have temporarily grown beastly horns and talons.
You are partially covered in sharp spines.
When seriously injured, your blood forms armour. (AC +6)
You have a tail ending in a sharp stinger.


Message History

Confirm with . or Enter, or press ? or * to list all spells.
You grow a pair of large bovine horns.
Your feet morph into talons.
Casting: Beastly Appendage (safe; 7% risk of failure)
Confirm with . or Enter, or press ? or * to list all spells.
Your blood is infused with primal strength.
You climb downwards.
Level annotation: Pikel Pikel hits you with a +2 whip of flaming!
Pikel burns you.
Pikel hits you with a +2 whip of flaming.
Your blood congeals into armour.
Pikel burns you.
There is a stone staircase leading up, spattered with blood here.
You hit Pikel.
Pikel is lightly wounded.
Pikel hits you with a +2 whip of flaming.
Pikel burns you.
You hit Pikel but do no damage. You tail-slap Pikel, but do no damage.
Pikel is lightly wounded.
Pikel hits you with a +2 whip of flaming!
Pikel burns you.
* * * LOW HITPOINT WARNING * * *
You completely miss Pikel.
Pikel is lightly wounded.
Your transformation is almost over.
Pikel completely misses you. The lemure hits you.
* * * LOW HITPOINT WARNING * * *
A lemure comes into view.
Pikel closely misses you. The lemure hits you.
* * * LOW HITPOINT WARNING * * *
You barely miss Pikel.
Pikel is lightly wounded.
Pikel hits you with a +2 whip of flaming.
* * * LOW HITPOINT WARNING * * *
Pikel burns you.
* * * LOW HITPOINT WARNING * * *
The lemure hits you but does no damage.
Okay, then.
Pikel is struck by your spines.
Pikel hits you with a +2 whip of flaming.
You die...

.... .....
#####
....W#####.....
........#..$#
......5...#.
#5#... #[##.#
#5##.# #@##.#
#K##.#
#....#######
####........
#.########
#.........
#..###### #..#
#..#


You could see Pikel and 3 lemures.

Vanquished Creatures
  A phantom (D:4)
  A hound (D:4)
  An iguana (D:4)
  An orc wizard (D:4)
  4 adders
  A shadow imp (D:4)
  A worm (D:4)
  3 dart slugs
  7 orcs
  3 ball pythons
  3 bats
  6 endoplasms
  2 giant cockroaches
  3 hobgoblins
  A jackal (D:2)
  3 quokkas
  5 frilled lizards
  5 goblins
  8 kobolds
  2 rats
61 creatures vanquished.

Notes
Turn   | Place    | Note
-------+----------+-------------------------------------------
     0 | D:1      | yoda5477 the Demonspawn Transmuter began the quest for the
                  | Orb.
     0 | D:1      | Reached XP level 1. HP: 15/15 MP: 3/3
   127 | D:1      | Found a faded altar of an unknown god.
   300 | D:1      | Gained mutation: You are partially covered in sharp spines.
                  | [demonic ancestry]
   300 | D:1      | Reached XP level 2. HP: 16/21 MP: 3/5
   556 | D:1      | Reached skill level 1 in Stealth
   559 | D:1      | Learned a level 2 spell: Wereblood
   989 | D:2      | Gained mutation: You have a small tail. [demonic ancestry]
   989 | D:2      | Reached XP level 3. HP: 27/27 MP: 6/6
  1042 | D:2      | Reached skill level 2 in Fighting
  1460 | D:2      | Gained mutation: You have a tail ending in a sharp stinger.
                  | [demonic ancestry]
  1460 | D:2      | Reached XP level 4. HP: 32/34 MP: 5/7
  2039 | D:3      | Found a shadowy altar of Dithmenos.
  2134 | D:3      | Found a sparkling altar of Nemelex Xobeh.
  2536 | D:4      | Noticed an ogre
  2624 | D:4      | Reached skill level 3 in Fighting
  2624 | D:4      | Reached XP level 5. HP: 34/41 MP: 6/8
  2684 | D:4      | Found a snail-covered altar of Cheibriados.
  2909 | D:4      | Noticed Pikel
  2924 | D:4      | Reached skill level 1 in Armour
  2926 | D:4      | Noticed a phantom
  2990 | D:4      | Killed a phantom
  2991 | D:4      | Gained mutation: When seriously injured, your blood forms
                  | armour. (AC +6) [demonic ancestry]
  2991 | D:4      | Reached XP level 6. HP: 27/48 MP: 9/9
  3124 | D:4      | HP: 2/48 [Pikel (2)]
  3125 | D:4      | Slain by Pikel

Illustrated notes

Levels and vault maps discovered:
D:1:      scummos_arrival_gate, layout_loops_ring, basic_ecumenical_altar,
          minmay_misc_feat_secret_circle
D:2:      layout_loops_ring, minmay_tripent
D:3:      layout_basic, nicolae_overflow_hidden_temple,
          nemelex_spade_bored_becter
D:4:      layout_loops_ring, cheibriados_altar_1, uniq_pikel

Skill      XL: |  1  2  3  4  5 |
---------------+----------------+-----
Dodging        | 2 |  2.9
Stealth        | 1 2 |  2.0
Transmutations | 2 |  2.9
Fighting       | 2 3 |  3.6
Armour         | 1 |  1.5
Unarmed Combat | |  2.6
Spellcasting   | |  2.0

Action                   |  1- 3 |  4- 6 || total
-------------------------+-------+-------++-------
Melee: Unarmed           |    45 |       ||    45
       Headbutt          |     8 |     4 ||    12
       Kick              |     7 |    16 ||    23
       Spear             |    15 |       ||    15
       Flail             |     7 |    57 ||    64
       Tailslap          |     3 |    10 ||    13
       Punch             |       |     1 ||     1
 Cast: Beastly Appendage |    21 |    20 ||    41
       Wereblood         |       |     4 ||     4
  Use: Scroll            |       |     4 ||     4
 Stab: Sleeping          |     2 |     3 ||     5
Armor: Robe              |     7 |     7 ||    14
Dodge: Dodged            |    27 |    27 ||    54

Table legend: (Time is in decaauts)
 A = Elapsed time spent in this place.
 B = Non-inter-level travel time spent in this place.
 C = Inter-level travel time spent in this place.
 D = Time resting spent in this place.
 E = Time spent auto-exploring this place.
 F = Levels seen in this place.
 G = Mean time per level.
                   A        B        C        D        E       F      G
               +--------+--------+--------+--------+--------+-----+--------+
         Total |   3162 |   2972 |    190 |    553 |   1420 |   4 |  790.5 |
       Dungeon |   3162 |   2972 |    190 |    553 |   1420 |   4 |  790.5 |
               +--------+--------+--------+--------+--------+-----+--------+

Top non-repeatable levels by time:
     D:1: 951 daAuts
     D:3: 951 daAuts
     D:2: 903 daAuts
     D:4: 355 daAuts
